 Dungeon Crawl Stone Soup version 0.31-b1-18-g61460d1e46 (webtiles) character file.

Game seed: 13273390857742553680

718 groovy9 the Conjurer (level 7, 0/36 HPs)
             Began as a Gargoyle Conjurer on Jan 17, 2024.
             Was an Initiate of Vehumet.
             Slain by Duvessa
             ... wielding a +1 short sword of electrocution
              (9 damage)
             ... on level 5 of the Dungeon.
             The game lasted 00:13:39 (4405 turns).

groovy9 the Conjurer (Gargoyle Conjurer)            Turns: 4405, Time: 00:13:40

Health: 0/36       AC:  7    Str: 11    XL:     7   Next: 70%
Magic:  11/16      EV: 12    Int: 22    God:    Vehumet [......]
Gold:   37         SH:  0    Dex: 14    Spells: 11/18 levels left

rFire   . . .        n - +3 hammer of the Manifold Planets {flame, rPois Int+2}
rCold   . . .        (no shield)
rNeg    + . .        a - +0 robe
rPois   ∞            (no helmet)
rElec   +            o - +0 cloak
rCorr   .            (no gloves)
SInv    .            (no boots)
Will    .....        (no amulet)
Stlth   ++           j - +6 ring of dexterity
HPRegen 0.26/turn    (no ring)
MPRegen 0.15/turn

%: no passive effects
@: hasted, very quick
A: sickness immunity, AC +4, negative energy resistance 1, electricity
resistance, torment resistance 1, petrification resistance
a: Renounce Religion


You were on level 5 of the Dungeon.
You worshipped Vehumet.
Vehumet was noncommittal.
You visited 2 branches of the dungeon, and saw 6 of its levels.

You collected 163 gold pieces.
You spent 126 gold pieces at shops.

Inventory:

Hand Weapons
 n - the +3 hammer of the Manifold Planets (weapon) {flame, rPois Int+2}
   (You found it on level 2 of the Dungeon)

   Int+2:     It affects your intelligence (+2).
   rPois:     It protects you from poison
Missiles
 v - a throwing net
Armour
 a - a +0 robe (worn)
 o - a +0 cloak (worn)
Jewellery
 j - a +6 ring of dexterity (left hand)
Wands
 h - a wand of polymorph (8)
Scrolls
 d - 2 scrolls of fear
 e - a scroll of enchant armour {unknown}
 g - 2 scrolls of fog
 q - a scroll of torment {unknown}
 s - 3 scrolls of vulnerability {unknown}
 t - a scroll of teleportation
 u - a scroll of revelation {unknown}
Potions
 c - 2 potions of ambrosia
 f - a potion of resistance
 i - 2 potions of curing
 k - 2 potions of attraction
 l - a potion of enlightenment {unknown}
 m - a potion of mutation {unknown}
 p - a potion of lignification {unknown}


   Skills:
 - Level 1.5 Dodging
 - Level 2.1 Stealth
 * Level 6.4 Spellcasting
 + Level 6.8 Conjurations


You had 11 spell levels left.
You knew the following spells:

 Your Spells              Type           Power      Damage    Failure   Level
a - Magic Dart            Conj           100%       1d8       1%          1
b - Searing Ray           Conj           74%        2d7       1%          2
c - Fulminant Prism       Conj/Alch      11%        3d9       22%         4

Your spell library contained the following spells:

 Spells                   Type           Power      Damage    Failure   Level
 Iskenderun's Mystic Bla  Conj/Tloc      22%        2d6       22%         4
 Arcjolt                  Conj/Air       11%        1d21      52%         5
 Vhi's Electric Charge    Tloc/Air       14%        N/A       65%         4
 Maxwell's Capacitive Co  Air            3%         ∞         100%        8


Dungeon Overview and Level Annotations

Branches:
Dungeon (5/15)             Temple (1/1) D:4

Altars:
Dithmenos
Elyvilon
Fedhas
Gozag
Hepliaklqana
Kikubaaqudgha
Nemelex Xobeh
Qazlal
Sif Muna
Trog
Uskayaw
Vehumet
Wu Jian
Yredelemnul

Shops:
D:3 ?

Annotations:
D:5 Duvessa


Innate Abilities, Weirdness & Mutations

You are immune to sickness and miasma.
Your stone body is resilient. (AC +4)
You are immune to poison.
You resist negative energy. (rN+)
You are resistant to electric shocks. (rElec)
You are resistant to unholy torment.
You are immune to petrification.


Message History

Press: ? - help, Shift-Dir - straight line, f - Duvessa
Aim: Duvessa, wielding a +1 short sword of electrocution and wearing a +0 scale mail (fast, 86% to hit)
The searing ray hits Duvessa.
Duvessa is lightly wounded. (Press . to maintain the ray.)
Okay, then.
The searing ray hits Duvessa.
Duvessa is lightly wounded.
The searing ray hits Duvessa but does no damage.
Duvessa is lightly wounded.
Duvessa hits you with a +1 short sword of electrocution.
Magic courses through your body.
Duvessa hits you with a +1 short sword of electrocution.
Duvessa closely misses you.
You feel yourself speed up.
Duvessa hits you with a +1 short sword of electrocution.
Dowan hits you with a +1 dagger of venom.
Duvessa attacks as she pursues you! Duvessa barely misses you.
Casting: Searing Ray (safe; 1% risk of failure)
Confirm with . or Enter, or press ? or * to list all spells.
Aiming: Searing Ray (safe; 1% risk of failure)
Press: ? - help, Shift-Dir - straight line, p - Duvessa The searing ray hits Duvessa!
Duvessa is moderately wounded.
The searing ray hits Dowan!
Dowan is heavily wounded. (Press . to maintain the ray.)
The searing ray hits Dowan!
Dowan is almost dead.
Duvessa hits you with a +1 short sword of electrocution!
* * * LOW HITPOINT WARNING * * *
The searing ray misses Dowan.
Duvessa misses you. Dowan misses you.
The searing ray hits Dowan.
You kill Dowan!
Vehumet accepts your kill.
Duvessa screams, "No!
How DARE you!"
Duvessa goes berserk!
You finish channelling your searing ray.
Duvessa hits you with a +1 short sword of electrocution!
You die...

##..
#..#.......... #.
.>..##.....##...
+.
....###...##.....
###.#
##.........#
...##..........#
....##..>.......
#...#..........
#.............
####.e@..###.
#.8)..###..
#..........
#........#.##.
.....$.......8
...............
......./.....8.
...........#.##
....../....)...


You could see Duvessa (berserk, fast).

Vanquished Creatures
  Grinder (D:4)
  Eustachio (D:4)
  An ogre (D:4)
  A kobold brigand (D:4)
  A scorpion (D:3)
  Dowan (D:5)
  A sleepcap (D:4)
  Crazy Yiuf (D:2)
  A jelly (D:5)
  An adder (D:2)
  2 ufetubi (D:5)
  A dart slug (D:1)
  4 orcs
  3 ball pythons
  4 endoplasms
  2 giant cockroaches (D:1)
  7 goblins
  10 hobgoblins
  5 kobolds
  A quokka (D:2)
  4 bats
  2 frilled lizards
  6 rats
61 creatures vanquished.

Notes
Turn   | Place    | Note
-------+----------+-------------------------------------------
     0 | D:1      | groovy9 the Gargoyle Conjurer began the quest for the Orb.
     0 | D:1      | Reached XP level 1. HP: 10/10 MP: 3/3
   203 | D:1      | Found a faded altar of an unknown god.
   297 | D:1      | Reached XP level 2. HP: 15/15 MP: 3/5
   300 | D:1      | Learned a level 2 spell: Searing Ray
  1085 | D:2      | Reached XP level 3. HP: 17/19 MP: 1/7
  1388 | D:2      | Found a runed translucent door.
  1391 | D:2      | Noticed Crazy Yiuf
  1392 | D:2      | Identified the +3 hammer of the Manifold Planets {flame,
                  | rPois Int+2}
  1400 | D:2      | Killed Crazy Yiuf
  1401 | D:2      | Reached skill level 5 in Conjurations
  1401 | D:2      | Reached XP level 4. HP: 24/24 MP: 9/9
  1763 | D:2      | Found a shadowy altar of Dithmenos.
  2228 | D:3      | Noticed a scorpion
  2234 | D:3      | Learned a level 4 spell: Fulminant Prism
  2241 | D:3      | Killed a scorpion
  2242 | D:3      | Reached XP level 5. HP: 18/28 MP: 3/11
  2748 | D:3      | Found Ufe Woh's Magic Scroll Emporium.
  2753 | D:3      | Bought a scroll of identify for 28 gold pieces
  2757 | D:3      | Bought a scroll of identify for 28 gold pieces
  2757 | D:3      | Bought a scroll of identify for 28 gold pieces
  2757 | D:3      | Bought a scroll of teleportation for 42 gold pieces
  2992 | D:4      | Noticed an ogre
  3003 | D:4      | Killed an ogre
  3004 | D:4      | Reached XP level 6. HP: 32/32 MP: 4/13
  3133 | D:4      | Reached skill level 5 in Spellcasting
  3218 | D:4      | Found a staircase to the Ecumenical Temple.
  3227 | Temple   | Entered the Ecumenical Temple
  3249 | Temple   | Became a worshipper of Vehumet
  3475 | D:4      | Noticed Grinder
  3482 | D:4      | Killed Grinder
  3483 | D:4      | Reached XP level 7. HP: 28/36 MP: 5/15
  4117 | D:4      | Noticed Eustachio
  4127 | D:4      | Killed Eustachio
  4362 | D:5      | Entered Level 5 of the Dungeon
  4389 | D:5      | Noticed Dowan
  4392 | D:5      | Noticed Duvessa
  4405 | D:5      | Killed Dowan
  4405 | D:5      | Slain by Duvessa

Illustrated notes

Levels and vault maps discovered:
D:1:      lightli_arrival_chessboard, layout_loops_cross,
          hellmonk_ecumenical_altar_heavens_door
D:2:      layout_loops_corners, basic_altar, uniq_crazy_yiuf_cottage
D:3:      layout_loops_ring, serial_shops, nicolae_shop_rolling_square
D:4:      layout_loops_corners, minmay_temple_entry_glass, uniq_eustachio,
          uniq_grinder
D:5:      layout_cave_pools, mainiacjoe_overflow_surrounded_room,
          grunt_temple_overflow_cloverleaf, gup_sewer_entry_spiral,
          serial_column_ruins, column_ruins_hut, column_ruins_grid_1,
          column_ruins_columns_corner, column_ruins_corridor_straight,
          column_ruins_open_small, column_ruins_columns_straight,
          kennysheep_diamond, minmay_puff, uniq_duvessa
Temple:   nicolae_temple_superstar

Skill      XL: |  1  2  3  4  5  6  7 |
---------------+----------------------+-----
Spellcasting   | 3 4 5 6 |  6.4
Conjurations   | 5 6 |  6.8
Dodging        | |  1.5
Stealth        | |  2.1

Action                     |  1- 3 |  4- 6 |  7- 9 || total
---------------------------+-------+-------+-------++-------
  Melee: Unarmed           |    14 |       |       ||    14
         Spear             |     7 |       |       ||     7
         Mace              |       |     2 |       ||     2
   Cast: Magic Dart        |    25 |    24 |    16 ||    65
         Searing Ray       |     7 |    17 |    10 ||    34
    Use: Potion            |     1 |       |     3 ||     4
         Scroll            |       |     6 |       ||     6
 Armour: Robe              |    11 |     6 |     9 ||    26
  Dodge: Dodged            |    14 |     7 |     8 ||    29
